 Dungeon Crawl Stone Soup version 0.22.1-1-ga44c0e5 (webtiles) character file.

116 dvd the Magician (level 4, -6/24 HPs)
             Began as a Deep Elf Air Elementalist on Oct 14, 2018.
             Mangled by a gnoll
             ... wielding a +2 vampiric spear
              (9 damage)
             ... on level 3 of the Dungeon.
             The game lasted 00:07:19 (2860 turns).

dvd the Magician (Deep Elf Air Elementalist)        Turns: 2860, Time: 00:07:21

Health: -6/24      AC:  2    Str:  5    XL:     4   Next: 70%
Magic:  6/12       EV: 13    Int: 26    God:
Gold:   116        SH:  0    Dex: 15    Spells: 3/11 levels left

rFire    . . .     SeeInvis .   j - +1 short sword (elec)
rCold    . . .     Gourm    .   (no shield)
rNeg     . . .     Faith    .   a - +0 robe
rPois    .         Spirit   .   (no helmet)
rElec    .         Reflect  .   (no cloak)
rCorr    .         Harm     .   (no gloves)
MR       .....                  (no boots)
Stlth    ++........             (no amulet)
HPRegen  0.08/turn              (no ring)
MPRegen  0.13/turn              (no ring)

@: brilliant, very slightly contaminated
A: no striking features
a: no special abilities


You were on level 3 of the Dungeon.
You were not hungry.

You visited 1 branch of the dungeon, and saw 3 of its levels.

You collected 116 gold pieces.

Inventory:

Hand Weapons
 i - a +2 hunting sling of flaming
 j - a +1 short sword of electrocution (weapon)
 l - a +1 dagger of protection
 m - a +1 short sword of flaming
Armour
 a - a +0 robe (worn)
Scrolls
 d - 2 scrolls of identify {unknown}
 e - 2 scrolls of remove curse {unknown}
 k - a scroll of blinking {unknown}
Potions
 f - a potion of brilliance
 g - a potion of cancellation {unknown}
 h - a potion of invisibility {unknown}
Comestibles
 c - 4 rations


   Skills:
 + Level 0.4 Fighting
 + Level 2.7 Dodging
 + Level 2.7 Stealth
 + Level 4.4 Spellcasting
 + Level 2.4 Conjurations
 + Level 3.9 Air Magic


You had 3 spell levels left.
You knew the following spells:

 Your Spells              Type           Power        Failure   Level  Hunger
a - Shock                 Conj/Air       ####         1%          1    None
b - Static Discharge      Conj/Air       #####...     1%          3    ##.....
c - Airstrike             Air            #####.....   1%          4    ####...

Your spell library contained the following spells:

 Spells                   Type           Power        Failure   Level  Hunger
 Swiftness                Chrm/Air       ####....     1%          2    None
 Lightning Bolt           Conj/Air       #####.....   7%          5    #####..


Dungeon Overview and Level Annotations

Branches:
Dungeon (3/15)

Altars:
The Shining One


Message History

You are very lightly contaminated with residual magic.
Your hair stands on end.
The bat closely misses you. The gnoll barely misses you.
The gnoll closely misses you.
The gnoll hits you from afar with a vampiric spear.
Casting: Static Discharge (safe; 10% risk of failure)
Confirm with . or Enter, or press ? or * to list all spells.
The orc is struck by lightning.
You kill the orc!
The lightning arcs!
You are struck by lightning.
The lightning grounds out.
The bat closely misses you. The gnoll closely misses you. x2
The gnoll hits you with a spear.
* * * LOW HITPOINT WARNING * * *
Unknown command.
It was a potion of brilliance.
You feel clever all of a sudden. The adder barely misses you. The bat hits you.
* * * LOW HITPOINT WARNING * * *
The gnoll hits you but does no damage.
The gnoll hits you from afar with a vampiric spear!
You die...

#.######...
..........
..........
.......g.
.........
....%...#
......gg#
......S@#
.....gb.#
#....####
.... ... #.
#


You could see 3 gnolls, an adder, a goblin and a bat.

Vanquished Creatures
  4 adders (D:2)
  5 worms (D:2)
  A dart slug (D:1)
  An orc (D:3)
  6 bats
  5 giant cockroaches
  4 goblins
  8 hobgoblins
  4 jackals (D:2)
  A quokka (D:2)
  7 frilled lizards
  11 kobolds
  8 rats
65 creatures vanquished.

Notes
Turn   | Place    | Note
-------+----------+-------------------------------------------
     0 | D:1      | dvd the Deep Elf Air Elementalist began the quest for the
                  | Orb.
     0 | D:1      | Reached XP level 1. HP: 10/10 MP: 6/6
   199 | D:1      | Reached XP level 2. HP: 15/15 MP: 1/8
  1093 | D:2      | Reached XP level 3. HP: 19/19 MP: 5/9
  1172 | D:2      | Learned a level 3 spell: Static Discharge
  1629 | D:2      | Reached skill level 4 in Spellcasting
  1804 | D:2      | Reached XP level 4. HP: 24/24 MP: 4/12
  1950 | D:2      | Learned a level 4 spell: Airstrike
  2025 | D:2      | Found a glowing golden altar of the Shining One.
  2738 | D:2      | Found a glowing golden altar of the Shining One.
  2860 | D:3      | Mangled by a gnoll

Skill      XL: |  1  2  3 |
---------------+----------+-----
Spellcasting   | 4 |  4.4
Conjurations   | 2 |  2.4
Fighting       | |  0.4
Dodging        | |  2.7
Stealth        | |  2.7
Air Magic      | |  3.9

Action                   |  1- 3 |  4- 6 || total
-------------------------+-------+-------++-------
Melee: Dagger            |     1 |       ||     1
       Short sword       |       |     8 ||     8
 Cast: Shock             |    97 |    23 ||   120
       Static Discharge  |     3 |     8 ||    11
       Airstrike         |       |     1 ||     1
  Use: Potion            |       |     1 ||     1
 Stab: Sleeping          |       |     2 ||     2
  Eat: Chunk             |     3 |     4 ||     7
Armor: Robe              |     3 |     1 ||     4
Dodge: Dodged            |    16 |    21 ||    37
